 Dungeon Crawl Stone Soup version 0.31-a0-187-gba352fbbf7 (webtiles) character file.

Game seed: 3919213592511129998

36 qw the Shooter (level 3, 0/20 HPs)
             Began as a Deep Elf Hunter on June 22, 2023.
             Slain by an orc
             ... wielding a +0 club
              (4 damage)
             ... on level 2 of the Dungeon.
             The game lasted 00:00:24 (849 turns).

qw the Shooter (Deep Elf Hunter)                     Turns: 849, Time: 00:00:24

Health: 0/20       AC:  4    Str: 10    XL:     3   Next: 19%
Magic:  5/5        EV: 12    Int: 13    God:
Gold:   59         SH:  0    Dex: 18    Spells: 2/2 levels left

rFire   . . .        Y - +0 shortbow
rCold   . . .        (shield currently unavailable)
rNeg    . . .        c - +0 leather armour
rPois   +            (no helmet)
rElec   .            (no cloak)
rCorr   .            l - +0 pair of gloves
SInv    .            (no boots)
Will    .....        i - amulet of regeneration
Stlth   ++           f - ring of poison resistance
HPRegen 1.03/turn    (no ring)
MPRegen 0.09/turn

%: no passive effects
@: about to teleport
A: no striking features
a: no special abilities


You were on level 2 of the Dungeon.
You visited 1 branch of the dungeon, and saw 2 of its levels.

You collected 59 gold pieces.


   Skills:
 - Level 1.5 Fighting
 + Level 6.8 Ranged Weapons
 - Level 2.4 Dodging
 - Level 1.2 Stealth


You had 2 spell levels left.
You didn't know any spells.
Your spell library was empty.

Inventory:

Hand Weapons
 Y - a +0 shortbow (weapon)
Armour
 c - a +0 leather armour (worn)
 l - a +0 pair of gloves (worn)
Jewellery
 f - a ring of poison resistance (left hand)
 i - an amulet of regeneration (around neck)
Scrolls
 a - a scroll of identify
 b - a scroll of teleportation
Potions
 d - a potion of cancellation {unknown}
 g - a potion of haste {unknown}
 k - a potion of heal wounds {unknown}

Dungeon Overview and Level Annotations

Branches:
Dungeon (2/15)

Altars:


Message History

Enter note:
Enter note:
Enter note: You shoot an arrow.
The arrow hits the orc!
You kill the orc!
You shoot an arrow.
The arrow hits the orc priest but does no damage.
You shoot an arrow. The arrow barely misses the orc priest.
The orc priest begins to cast a cantrip, but forgets the words!
You shoot an arrow.
The arrow hits the orc but does no damage.
You shoot an arrow.
The arrow hits the orc but does no damage.
You shoot an arrow. The arrow completely misses the orc.
The arrow barely misses the orc priest.
The orc barely misses you.
You shoot an arrow. The arrow barely misses the orc.
The orc misses you.
You shoot an arrow.
The arrow hits the orc priest but does no damage.
The orc hits you with a +0 club.
The orc priest hits you with a +0 hand axe.
The orc closely misses you.
You shoot an arrow.
The arrow closely misses the orc priest.
The orc priest hits you but does no damage.
The orc hits you with a +0 club.
You shoot an arrow. The arrow barely misses the orc priest.
The orc priest hits you with a +0 hand axe.
The orc completely misses you.
You shoot an arrow.
The arrow closely misses the orc priest.
The orc priest hits you with a +0 hand axe.
The orc hits you with a +0 club.
849 ||| READING 2 scrolls of teleportation.
As you read the scroll of teleportation, it crumbles to dust.
You feel strangely unstable.
The orc priest hits you with a +0 hand axe.
The orc hits you with a +0 club.
You die...

.#.# #.........#
.#.#####...###.#........
.............#.#..~..)~.
.#########.#.#..........
<...# #.#.#....).....
.##.#### ###.#..........
###....# #.#.#..~.).~.
.......#####.#.#oo......
####........%..#@#######
...#...######.##........
.#.#...### #...........
.........####...........
.......#...#...#####.###
.....#.###....## ..#
.....#.######.### .#
.....#.#....(...# #
.....#.#........#


You could see an orc priest and an orc.

Vanquished Creatures
  A dart slug (D:2)
  3 orcs (D:2)
  A bat (D:2)
  3 endoplasms (D:1)
  4 goblins (D:1)
  A hobgoblin (D:2)
  3 kobolds (D:1)
  3 quokkas
  4 ball pythons
  3 frilled lizards
  4 rats
30 creatures vanquished.

Notes
Turn   | Place    | Note
-------+----------+-------------------------------------------
     0 | D:1      | qw the Deep Elf Hunter began the quest for the Orb.
     0 | D:1      | Reached XP level 1. HP: 12/12 MP: 3/3
     0 | D:1      | 0 ||| qw: Version: 0.3-a-9-g12657ce
     0 | D:1      | 0 ||| qw: Game counter: 2660
     0 | D:1      | 0 ||| qw: Always use a shield: true
     0 | D:1      | 0 ||| qw: God list: Okawaru
     0 | D:1      | 0 ||| qw: Allow faded altars: false
     0 | D:1      | 0 ||| qw: Do Orc after D:15 true
     0 | D:1      | 0 ||| qw: Do second Lair branch before Depths: true
     0 | D:1      | 0 ||| qw: Lair rune preference: random
     0 | D:1      | 0 ||| qw: Plans: Normal
     0 | D:1      | 0 ||| PLANNING D:1-11
   244 | D:1      | Reached XP level 2. HP: 16/16 MP: 4/4
   246 | D:1      | Reached skill level 6 in Ranged Weapons
   604 | D:1      | 604 ||| UPGRADING to +0 pair of gloves.
   609 | D:1      | 609 ||| UPGRADING to amulet of regeneration.
   614 | D:1      | 614 ||| UPGRADING to ring of poison resistance.
   615 | D:1      | 615 ||| READING 2 scrolls labelled BORAMU GALOPP.
   616 | D:1      | 616 ||| READING scroll labelled FOTOUS UHOUN.
   623 | D:1      | 623 ||| READING scroll labelled EVEICK RIXKI.
   626 | D:1      | 626 ||| READING scroll labelled ZAERIU ONINITT.
   627 | D:1      | 627 ||| DROPPING scroll of butterflies.
   726 | D:2      | Reached XP level 3. HP: 20/20 MP: 5/5
   848 | D:2      | HP: 4/20 [orc/+0 club (4)]
   849 | D:2      | 849 ||| READING 2 scrolls of teleportation.
   849 | D:2      | Slain by an orc

Levels and vault maps discovered:
D:1:      mrwooster_arrival_statue_2, layout_basic
D:2:      cheibrodos_pilgrimage, layout_basic,
          shapermc_ecumenical_altar_pompeii, serial_shops, nicolae_shop_stone

Skill      XL: |  1  2 |
---------------+-------+-----
Ranged Weapons | 6 |  6.8
Fighting       | |  1.5
Dodging        | |  2.4
Stealth        | |  1.2

Action                     || total
---------------------------++-------
   Fire: Shortbow          ||    93
    Use: Scroll            ||     5
 Armour: Leather armour    ||     6
  Dodge: Dodged            ||    14

Table legend:
 A = Non-vault XP
 B = Vault XP
 C = Vault XP percentage of total XP
 D = Non-vault monster count
 E = Vault monster count
 F = Vault count percentage of total count
                 A         B        C        D         E       F
            +---------+---------+-------+---------+---------+-------
      Total |      43 |       9 |  17.3 |      27 |       3 |  10.0
            +---------+---------+-------+---------+---------+-------
        D:1 |      30 |       0 |   0.0 |      20 |       0 |   0.0
        D:2 |      13 |       9 |  40.9 |       7 |       3 |  30.0
            +---------+---------+-------+---------+---------+-------
